 Dungeon Crawl Stone Soup version 0.17-a0-1078-g243345b (webtiles) character file.

28831 ololoev the Basher (level 13, -1/147 HPs)
             Began as a Formicid Skald on May 19, 2015.
             Was the Champion of Okawaru.
             Slain by a ghoul (5 damage)
             ... on level 12 of the Dungeon.
             The game lasted 01:11:54 (20319 turns).

ololoev the Basher (Formicid Skald)                Turns: 20319, Time: 01:11:54

Health: -1/147     AC: 34    Str: 27      XL:     13   Next: 76%
Magic:  4/20       EV:  2    Int:  7 (12) God:    Okawaru [******]
Gold:   979        SH:  5    Dex: 11 (13) Spells: 4 memorised, 12 levels left

rFire  . . .     SeeInvis .     a - +7 mace (protect)
rCold  . . .     Clarity  .     (armour currently unavailable)
rNeg   + + +     SustAb   .     p - +0 buckler {AC+3}
rPois  +         Gourm    .     (helmet unavailable)
rElec  .         Spirit   .     (cloak currently unavailable)
rCorr  .         Warding  .     (gloves currently unavailable)
rMut   .         Stasis   +     (boots currently unavailable)
MR     ++...                    (no amulet)
Stlth  ++........               G - ring of protection from magic
                                D - +2 ring of slaying

@: mighty, agile, tree-form, very slightly contaminated, very resistant to
hostile enchantments, unstealthy
A: permanent stasis, dig shafts and tunnels, four strong arms, (antennae 0),
(talons 0), (thin metallic scales 0), clumsy 1, deterioration 1, (fire
resistance 0), screaming 1, slow healing 1, subdued magic 1, MP-powered wands
a: Heroism, Renounce Religion


Innate Abilities, Weirdness & Mutations

You are under a permanent stasis effect.
You can dig through walls and to a lower floor.
Your four strong arms can wield two-handed weapons with a shield.
((You have a pair of large antennae on your head (SInv).))
((You have sharp toenails.))
((You are partially covered in thin metallic scales (AC +2).))
You are clumsy. (Dex -2)
Your body sometimes deteriorates upon taking damage.
((Your flesh is heat resistant.))
You occasionally shout uncontrollably at your foes.
You heal slowly when monsters are visible.
Your spells are a little easier to cast, but a little less powerful.
You expend magic power (3 MP) to strengthen your wands.

Inventory:

Hand weapons
 a - a +7 mace of protection (weapon)
Armour
 l - a +1 pair of boots (melded)
 p - a +0 buckler of protection (worn)
 y - a +1 cloak of poison resistance (melded)
 F - a +0 pair of gloves (melded)
 I - a +1 ring mail of cold resistance (melded)
Rods
 b - a +5 rod of destruction (11/11)
   (You found it in an ossuary)
Jewellery
 D - a +2 ring of slaying (left branch)
 G - a ring of protection from magic (right branch)
Magical devices
 j - a wand of heal wounds (3)
 k - a wand of fireball (2)
 n - a wand of paralysis (12)
 s - a wand of draining (7)
 v - a wand of cold (6)
 C - a wand of confusion (7)
 H - a wand of cold (3)
Scrolls
 h - 4 scrolls of remove curse
 i - 5 scrolls of fog
 t - a scroll of recharging
 E - 2 scrolls of identify
 J - a scroll of amnesia
Potions
 f - a potion of lignification
 g - 3 potions of resistance
 m - a potion of might
 o - 2 potions of magic
 q - 4 potions of curing
 u - 2 potions of invisibility
 w - 2 potions of brilliance
 A - 2 potions of ambrosia
 B - a potion of flight {unknown}
Books
 c - a book of Battle

   Spells                             Type                      Level
   a - Infusion                       Charms                       1
   b - Shroud of Golubria             Charms/Translocation         2
   c - Song of Slaying                Charms                       2
   d - Spectral Weapon                Hexes/Charms                 3
   e - Regeneration                   Charms/Necromancy            3
Comestibles
 d - 5 bread rations
 r - 9 fruits


   Skills:
 * Level 7.9 Fighting
 - Level 14.4 Maces & Flails
 + Level 7.4 Armour
 + Level 4.4 Dodging
 - Level 5.3 Shields
 - Level 4.6 Spellcasting
 - Level 5.7 Hexes
 - Level 5.1 Charms
 - Level 1.2 Necromancy
 + Level 2.3 Invocations
 - Level 10.0 Evocations


You had 12 spell levels left.
You knew the following spells:

 Your Spells              Type           Power        Failure   Level  Hunger
a - Infusion              Chrm           #.....       1%          1    #......
b - Song of Slaying       Chrm           #.......     3%          2    ###....
c - Regeneration          Chrm/Necr      #.........   16%         3    ###....
d - Spectral Weapon       Hex/Chrm       #.......     5%          3    ###....


You were on level 12 of the Dungeon.
You worshipped Okawaru.
Okawaru was exalted by your worship.
You were hungry.
You were a tree.
You visited 3 branches of the dungeon, and saw 18 of its levels.
You also visited: Ossuary.

You collected 1815 gold pieces.
You spent 836 gold pieces at shops.

...#####.........##..###.########
##.#.......####.##.........#
#..........# #..#..##.....######
##....>....# ##....#..#.......##
###........## #..<.#.##.........
.......##### ###......##.........
...))#########...#.............#.
....<##.........>n......###.##...
.....#..........♣#/.....###.##.##
##.##..........###.............#
#.............####.....##.....##
####..........##........#.##....
##..........#..#..............
####.............#...............
.....#..................####..#..
.................##......###....#
...............####.#.##...#.##.#

Notes
Turn   | Place    | Note
--------------------------------------------------------------
     0 | D:1      | ololoev the Formicid Skald began the quest for the Orb.
     0 | D:1      | Reached XP level 1. HP: 16/16 MP: 3/3
   128 | D:1      | Reached XP level 2. HP: 22/22 MP: 0/5
   137 | D:1      | Learned a level 2 spell: Song of Slaying
   260 | D:1      | Reached XP level 3. HP: 7/27 MP: 0/6
   480 | D:1      | Learned a level 3 spell: Regeneration
  2006 | D:2      | Reached XP level 4. HP: 24/33 MP: 7/7
  2192 | D:2      | Noticed an ogre
  2192 | D:2      | Noticed Sigmund
  2679 | D:3      | Noticed a centaur
  2691 | D:3      | HP: 1/33 [centaur/mace (9)]
  2694 | D:3      | Killed a centaur
  2694 | D:3      | Reached XP level 5. HP: 24/38 MP: 5/8
  2876 | D:3      | Noticed Ijyb
  2905 | D:3      | Reached skill level 4 in Maces & Flails
  2912 | D:3      | Killed Ijyb
  2912 | D:3      | Reached XP level 6. HP: 19/44 MP: 1/10
  3117 | D:3      | Learned a level 3 spell: Spectral Weapon
  3262 | D:3      | Reached skill level 1 in Hexes
  3666 | D:4      | Noticed Menkaure
  3675 | D:4      | Killed Menkaure
  3675 | D:4      | Reached XP level 7. HP: 15/50 MP: 4/11
  4027 | D:4      | Noticed Eustachio
  4038 | D:4      | Killed Eustachio
  4038 | D:4      | Reached skill level 5 in Maces & Flails
  4437 | D:4      | Reached XP level 8. HP: 56/56 MP: 6/13
  4443 | D:4      | Found a bloodstained altar of Trog.
  4590 | D:5      | Entered Level 5 of the Dungeon
  5415 | D:5      | Found a staircase to the Ecumenical Temple.
  5423 | Temple   | Entered the Ecumenical Temple
  5963 | D:6      | Found an iron altar of Okawaru.
  5964 | D:6      | Found a sparkling altar of Nemelex Xobeh.
  5970 | D:6      | Became a worshipper of Warmaster Okawaru
  6083 | D:6      | Reached skill level 6 in Maces & Flails
  6094 | D:6      | Reached skill level 5 in Hexes
  6110 | D:6      | Noticed Virusyak's ghost (experienced DsIE)
  6129 | D:6      | Killed Virusyak's ghost
  6129 | D:6      | Acquired Okawaru's first power
  6129 | D:6      | Reached skill level 5 in Armour
  6129 | D:6      | Reached skill level 5 in Charms
  6129 | D:6      | Reached skill level 1 in Necromancy
  6129 | D:6      | Reached XP level 9. HP: 19/61 MP: 5/16
  6147 | D:6      | Found a sand-covered staircase.
  6315 | Ossuary  | Entered an ossuary
  6378 | Ossuary  | Reached skill level 1 in Evocations
  6537 | Ossuary  | Identified a +5 rod of destruction (11/11) (You found it in an ossuary)
  6791 | D:6      | Found a glowing golden altar of the Shining One.
  6795 | D:6      | Found a basalt altar of Yredelemnul.
  6800 | D:6      | Noticed a profane servitor
  6810 | D:6      | Noticed an angel
  6865 | D:6      | Reached skill level 7 in Maces & Flails
  7622 | D:2      | Killed Sigmund
  7683 | D:2      | Killed an ogre
  7683 | D:2      | Reached skill level 8 in Maces & Flails
  7927 | D:7      | Found an opulent altar of Gozag.
  7947 | D:7      | Found a staircase to the Ecumenical Temple.
  8000 | D:7      | Reached XP level 10. HP: 53/67 MP: 17/17
  8344 | D:7      | Found a shadowy altar of Dithmenos.
  8359 | D:7      | Reached skill level 9 in Maces & Flails
  8809 | D:7      | Noticed Dowan
  8810 | D:7      | Noticed Duvessa
  8823 | D:7      | Killed Duvessa
  8823 | D:7      | Reached skill level 5 in Evocations
  8840 | D:7      | Killed Dowan
  9004 | D:7      | Noticed Crazy Yiuf
  9018 | D:7      | Killed Crazy Yiuf
  9210 | D:8      | Found a basalt altar of Yredelemnul.
  9211 | D:8      | Noticed Prince Ribbit
  9220 | D:8      | Killed Prince Ribbit
  9302 | D:8      | Found a blossoming altar of Fedhas.
  9308 | D:8      | Reached skill level 10 in Maces & Flails
  9310 | D:8      | Found a white marble altar of Elyvilon.
  9313 | D:8      | Found a sacrificial altar of Ru.
  9327 | D:8      | Found an ancient bone altar of Kikubaaqudgha.
  9328 | D:8      | Found Zoquhush's Food Shop.
  9471 | D:8      | Found a staircase to the Lair.
  9489 | D:8      | Found a shimmering altar of Xom.
  9520 | D:8      | Noticed an angel
  9523 | D:8      | Found a glowing silver altar of Zin.
  9980 | D:9      | Found a staircase to the Orcish Mines.
  9996 | D:9      | Found a roughly hewn altar of Beogh.
 10248 | D:9      | Reached skill level 11 in Maces & Flails
 10248 | D:9      | Reached XP level 11. HP: 26/72 MP: 7/18
 11144 | D:9      | Found Bisaah's Armour Shoppe.
 11152 | D:9      | Bought the cursed +0 ring mail of the Good {rPois Str+4} for 267 gold pieces
 11152 | D:9      | Bought a +0 buckler of protection for 149 gold pieces
 11571 | D:9      | Reached skill level 1 in Shields
 11596 | D:9      | Gained mutation: You expend magic power (3 MP) to strengthen your wands. [mutagenic meat]
 11597 | D:9      | Gained mutation: Your spells are a little easier to cast, but a little less powerful. [mutagenic meat]
 11598 | D:9      | Gained mutation: Your body sometimes deteriorates upon taking damage. [mutagenic meat]
 11599 | D:9      | Gained mutation: Your flesh is heat resistant. [mutagenic meat]
 11600 | D:9      | Gained mutation: You occasionally shout uncontrollably at your foes. [mutagenic meat]
 11601 | D:9      | Gained mutation: You heal slowly when monsters are visible. [mutagenic meat]
 11752 | D:9      | Acquired Okawaru's second power
 11829 | D:10     | Entered Level 10 of the Dungeon
 11917 | D:10     | Noticed a cyclops
 11926 | D:10     | Killed a cyclops
 11926 | D:10     | Reached skill level 12 in Maces & Flails
 11969 | D:10     | Found Leuplita's Gadget Emporium.
 12082 | D:10     | Noticed a hill giant
 12090 | D:10     | Killed a hill giant
 12265 | D:10     | Noticed a hill giant
 12276 | D:10     | Killed a hill giant
 12294 | D:10     | Noticed Psyche
 12309 | D:10     | Killed Psyche
 12309 | D:10     | Reached skill level 5 in Shields
 12641 | D:10     | Noticed a hill giant
 12642 | D:10     | Received a gift from Okawaru
 12643 | D:10     | Got a distressingly furry chain mail {god gift}
 12649 | D:10     | Killed a hill giant
 12675 | D:10     | Identified the +0 chain mail of the Orb Guardian {-Cast Dex+4} (Okawaru gifted it to you on level 10 of the Dungeon)
 12997 | D:11     | Noticed a manticore
 13014 | D:11     | Killed a manticore
 13022 | D:11     | Reached XP level 12. HP: 73/78 MP: 13/19
 13093 | D:11     | Noticed a seven-headed hydra
 13107 | D:11     | Killed a seven-headed hydra
 13244 | D:11     | Reached skill level 13 in Maces & Flails
 13250 | D:11     | Found Dopt's Gadget Shop.
 13382 | D:11     | Noticed a cyclops
 13391 | D:11     | Killed a cyclops
 13394 | D:11     | Noticed Maurice
 13404 | D:11     | Killed Maurice
 13582 | D:11     | Noticed an unseen horror
 13597 | D:11     | Killed an unseen horror
 13959 | D:11     | Noticed a brown ugly thing
 13970 | D:11     | Killed a brown ugly thing
 13974 | D:11     | Gained mutation: You have sharp toenails. [mutagenic meat]
 13975 | D:11     | Gained mutation: You are clumsy. (Dex -2) [mutagenic meat]
 14010 | D:11     | Noticed Urug
 14023 | D:11     | Killed Urug
 14238 | D:11     | Reached skill level 10 in Evocations
 14353 | D:11     | Reached skill level 1 in Dodging
 14651 | D:11     | Reached skill level 14 in Maces & Flails
 14789 | D:12     | Noticed an eight-headed hydra
 14796 | D:12     | Killed an eight-headed hydra
 14796 | D:12     | Received a gift from Okawaru
 14830 | D:12     | Gained mutation: You are partially covered in thin metallic scales (AC +2). [mutagenic meat]
 15090 | D:12     | Reached XP level 13. HP: 82/88 MP: 12/20
 15446 | D:12     | Reached skill level 5 in Fighting
 15506 | D:12     | Found a blossoming altar of Fedhas.
 16216 | D:13     | Noticed a ghoul
 16379 | Orc:1    | Entered Level 1 of the Orcish Mines
 16454 | Orc:1    | Received a gift from Okawaru
 16578 | Orc:1    | Found Zeptig's Food Emporium.
 16676 | Orc:1    | Noticed Erolcha
 16690 | Orc:1    | Killed Erolcha
 18129 | Orc:3    | Reached skill level 1 in Invocations
 18694 | Orc:3    | Found a staircase to the Elven Halls.
 18835 | Orc:4    | Entered Level 4 of the Orcish Mines
 19410 | Orc:4    | HP: 1/97 [orc warrior/bolt (15)]
 19717 | D:10     | Bought a wand of heal wounds (3) for 420 gold pieces
 20319 | D:12     | HP: 4/147 [ghoul (13)]
 20319 | D:12     | Slain by a ghoul

Dungeon Overview and Level Annotations

Branches:
Dungeon (13/15)            Temple (1/1) D:5            Lair (0/8) D:8
    Orc (4/4) D:9             Elf (0/3) Orc:3
 Vaults: D:13-14

Altars:
Ashenzari
Cheibriados
Dithmenos
Elyvilon
Fedhas
Gozag
Kikubaaqudgha
Makhleb
Nemelex Xobeh
Okawaru
Qazlal
Ru
Sif Muna
Trog
Vehumet
Xom
Yredelemnul
Zin
The Shining One
Beogh

Shops:
D:8 %   D:9 [   D:10 }   D:11 }   Orc:1 %

Annotations:
D:12 exclusion: 2 oklob saplings


Message History

The ghoul is moderately damaged.
You thump the ghoul!
The ghoul is moderately damaged.
The ghoul claws you but does no damage. The ghoul claws you!
You barely miss the ghoul.
The ghoul is moderately damaged.
The ghoul claws you but does no damage. x2
You hit the ghoul.
The ghoul is moderately damaged.
The ghoul claws you but does no damage. x2
You thump the ghoul!
The ghoul is moderately damaged.
You hit the ghoul.
The ghoul is heavily damaged.
The ghoul claws you! The ghoul claws you but does no damage.
You hit the ghoul.
The ghoul is heavily damaged.
The ghoul claws you but does no damage. x2
You closely miss the ghoul.
The ghoul is heavily damaged.
You thump the ghoul!
The ghoul is heavily damaged.
You block the ghoul's attack. The ghoul claws you!
You thump the ghoul!
The ghoul is heavily damaged.
The ghoul claws you but does no damage. x2
Drink which item? (? for menu, Esc to quit)
You feel agile all of a sudden. The ghoul claws you. The ghoul claws you!
Drink which item? (? for menu, Esc to quit)
You feel very mighty all of a sudden.
The ghoul claws you but does no damage. x2
You bludgeon the ghoul!!
The ghoul is severely damaged.
Read which item? (? for menu, Esc to quit)
Charge which item? (? for menu, Esc to quit)
As you read the scroll of recharging, it crumbles to dust.
Your wand of heal wounds (0) glows for a moment and now has 3 charges.
The ghoul claws you! The ghoul claws you.
You die...

You could see a ghoul.

Vanquished Creatures
  Erolcha (Orc:1)
  2 hydras
  A centaur warrior (Orc:4)
  Urug (D:11)
  A skeletal warrior (D:13)
  2 unseen horrors
  5 hill giants
  2 ugly things
  2 cyclopes
  A manticore (D:11)
  The ghost of Virusyak the Chiller, an experienced DsIE of Ru (D:6)
  Maurice (D:11)
  Psyche (D:10)
  3 gargoyles
  A two-headed ogre (D:11)
  4 trolls
  Prince Ribbit (D:8)
  3 slime creatures
  A shadow (D:11)
  4 wandering mushrooms (D:12)
  Sigmund (D:2)
  A wyvern (D:12)
  3 deep elf magi (D:11)
  19 yaks
  A fire elemental (Orc:1)
  Eustachio (D:4)
  3 hungry ghosts
  Menkaure (D:4)
  3 wargs
  3 ice beasts
  Duvessa (D:7)
  19 orc warriors
  A wasp (D:11)
  2 black bears
  13 ogres
  2 necrophages
  5 sky beasts
  15 centaurs
  6 phantoms
  A big kobold (D:11)
  A crocodile (D:12)
  6 giant frogs
  A wyvern zombie (D:11)
  Dowan (D:7)
  A gnoll sergeant (D:9)
  4 scorpions
  A water moccasin zombie (Ossuary)
  2 wyvern skeletons (D:12)
  7 killer bees
  A quasit (D:10)
  2 crimson imps
  2 giant frog zombies
  5 jellies
  A centaur zombie (D:8)
  Crazy Yiuf (D:7)
  3 giant frog skeletons
  7 iguanas
  19 orc priests
  Ijyb (D:3)
  7 hounds
  19 orc wizards
  8 worker ants
  3 centaur skeletons
  3 sheep (D:10)
  2 big kobold zombies (Ossuary)
  A hound skeleton (D:11)
  2 mummies (Ossuary)
  11 adders
  10 gnolls
  4 shadow imps
  3 oozes
  4 adder zombies
  2 worms (D:2)
  An adder skeleton (D:10)
  4 giant geckos
  146 orcs
  3 bat skeletons
  3 giant cockroaches (D:2)
  A gnoll zombie (Ossuary)
  15 hobgoblins
  5 jackals
  21 kobolds
  4 quokkas
  A ball python (D:2)
  13 bats
  8 giant newts
  20 goblins
  3 hobgoblin zombies (Ossuary)
  8 kobold zombies (Ossuary)
  7 orc zombies (Ossuary)
  A quokka zombie (D:9)
  19 rats
567 creatures vanquished.

Vanquished Creatures (others)
  4 spectral weapons
4 creatures vanquished.

Grand Total: 571 creatures vanquished

Action                   |  1- 3 |  4- 6 |  7- 9 | 10-12 | 13-15 || total
-------------------------+-------+-------+-------+-------+-------++-------
Melee: Whip              |   127 |       |       |       |       ||   127
       Mace              |     2 |   114 |   316 |   666 |   557 ||  1655
 Cast: Infusion          |     7 |     9 |    28 |    48 |    19 ||   111
       Song of Slaying   |       |     1 |     2 |    21 |    20 ||    44
       Spectral Weapon   |       |     1 |    15 |    18 |     7 ||    41
       Regeneration      |       |       |     1 |     3 |     4 ||     8
Invok: Heroism           |       |       |       |     2 |       ||     2
 Abil: Dig               |       |     1 |     5 |     2 |     6 ||    14
Evoke: Rod               |       |       |     2 |    26 |     7 ||    35
       Wand              |       |       |       |     3 |     3 ||     6
  Use: Scroll            |     5 |     6 |    10 |     3 |     2 ||    26
       Potion            |       |     1 |       |     5 |     3 ||     9
 Stab: Distracted        |       |       |       |     1 |       ||     1
  Eat: Fruit             |     3 |       |       |       |       ||     3
       Chunk             |     2 |     5 |     6 |    41 |    20 ||    74
       Beef jerky        |       |       |     1 |       |     1 ||     2
       Meat ration       |       |       |     1 |       |       ||     1
       Bread ration      |       |       |     1 |       |       ||     1
       Pizza             |       |       |       |       |     2 ||     2

Vault maps used:
D:1:      lightli_arrival_quake, serial_corexii_hall, corexii_hall_statues_t,
          corexii_hall_statues_i, corexii_hall_statues_l, corexii_hall_statues_l
D:2:      minmay_newt_pond, uniq_sigmund
D:3:      uniq_iyjb
D:4:      st_stairs_4, trog_three_pillars_becter, uniq_menkaure, uniq_eustachio
D:5:      minmay_temple_entry_glassed_door, first_bread, corner_web_ring,
          grunt_decor_resistance
D:6:      grunt_temple_overflow_holy_war, gammafunk_temple_overflow_pools,
          nicolae_ossuary_entry_plus
D:7:      nicolae_gozag_seed_capital, grunt_dithmenos_shadows, temple_pool_b,
          uniq_crazy_yiuf_cottage, uniq_duvessa
D:8:      grunt_temple_overflow_order_and_chaos_1, grunt_temple_overflow_open,
          dpeg_oklobed_lair, basic_altar, serial_shops, shop,
          uniq_prince_ribbit1
D:9:      minmay_orc_entry_temple_small, serial_shops, shop
D:10:     serial_shops, nicolae_shop_temple_entry_statues_fountains, uniq_psyche
D:11:     serial_shops, kennysheep_mini_moat, uniq_maurice, uniq_urug
D:12:     hangedman_tree_tricks
D:13:     serial_undead, serial_undead_c, serial_undead_d, serial_undead_f,
          serial_undead_a, uniq_maud
Temple:   temple_island_7
Orc:1:    serial_shops, shop, nicolae_orc_lava_tube, uniq_erolcha
Orc:3:    nicolae_orc_pool_cavern
Orc:4:    st_orc_rangers, minmay_orc_temple_c
Ossuary:  ossuary_tomb_2
